 Dungeon Crawl Stone Soup version 0.20.1-1-g8b1a95d (webtiles) character file.

693 Lanoc the Covert (level 7, -8/48 HPs)
             Began as an Octopode Monk on Nov 28, 2017.
             Mangled by an ogre
             ... wielding a cursed +0 giant club
              (16 damage)
             ... on level 6 of the Dungeon.
             The game lasted 00:16:44 (3660 turns).

Lanoc the Covert (Octopode Monk)                    Turns: 3660, Time: 00:16:45

Health: -8/48      AC:  1    Str: 11    XL:     7   Next: 64%
Magic:  7/7        EV: 15    Int: 14    God:
Gold:   276        SH:  0    Dex: 16    Spells: 6/6 levels left

rFire    . . .     SeeInvis .   f - +1 dagger
rCold    . . .     Gourm    .   (no shield)
rNeg     . . .     Faith    .   (helmet restricted)
rPois    .         Spirit   .   j - amulet of rage
rElec    .         Reflect  .   t - +2 ring of intelligence
rCorr    .         Harm     .   (no ring)
MR       .....                  (no ring)
Stlth    +++++.....             (no ring)
Regen    0.2/turn               (no ring)
MPRegen  0.1/turn               (no ring)
                                (no ring)
                                (no ring)

@: no status effects
A: almost no armour, stealthy swim, amphibious, 8 rings, constrict 8, camouflage
1, gelatinous body 1
a: Evoke Berserk Rage


You were on level 6 of the Dungeon.
You were not hungry.

You visited 1 branch of the dungeon, and saw 6 of its levels.

You collected 276 gold pieces.

Inventory:

Hand Weapons
 f - a +1 dagger (weapon)
Jewellery
 d - an uncursed amulet of magic regeneration
 j - an amulet of rage (around mantle)
 t - a +2 ring of intelligence (left tentacle)
Wands
 a - a wand of paralysis (12/24)
 c - a wand of polymorph (7/24)
 k - a wand of random effects (26/48)
 m - a wand of iceblast (12/15)
 v - a wand of clouds (5/9)
Scrolls
 g - 5 scrolls of immolation
 l - 2 scrolls of fog
 n - a scroll of magic mapping
 o - 4 scrolls of enchant weapon
 q - 2 scrolls of identify
Potions
 e - a potion of heal wounds {unknown}
 h - 2 potions of flight
 i - a potion of mutation {unknown}
 s - a potion of curing {unknown}
 u - a potion of brilliance {unknown}
Comestibles
 b - 4 bread rations
 p - 2 fruits
 r - 2 meat rations


   Skills:
 + Level 4.1 Fighting
 + Level 5.1 Short Blades
 + Level 4.1 Dodging
 * Level 8.5 Stealth


You had 6 spell levels left.
You didn't know any spells.

Dungeon Overview and Level Annotations

Branches:
Dungeon (6/15)
 Temple: D:4-7

Altars:
Fedhas
Makhleb
Yredelemnul

Shops:
D:4 *   D:5 *

Annotations:
D:3 yogakurto's ghost, amateur HaWn


Innate Abilities, Weirdness & Mutations

You cannot wear most types of armour.
You are very stealthy in the water. (Stealth+)
You are amphibious.
You can wear up to eight rings at the same time.
You can use your tentacles to constrict eight enemies at once.
Your skin changes colour to match your surroundings (Stealth+).
Your rubbery body absorbs attacks. (AC +1, EV +1)


Message History

The bullfrog skeleton is almost destroyed.
You constrict the bullfrog skeleton. The bullfrog skeleton hits you.
You hit the bullfrog skeleton.
You destroy the bullfrog skeleton!
You barely miss the ogre. The ogre hits you with a giant club!
You hit the ogre. You squeeze the ogre.
The ogre is moderately wounded.
You hit the ogre. You squeeze the ogre!
The ogre is severely wounded.
The ogre barely misses you.
You hit the ogre.
The ogre is severely wounded.
You hit the ogre.
The ogre is severely wounded.
The ogre hits you with a giant club!!
* * * LOW HITPOINT WARNING * * *
You hit the ogre.
The ogre is almost dead.
The ogre hits you with a giant club!
You die...

#######
#..O@<#
#.#####
#.# ##
#.# .#
#.# .#
#.# .#
#.# .#
#.# ###
#.#


You could see an ogre.

Vanquished Creatures
  The ghost of letownia2 the Grave Robber, an amateur DDNe (D:5)
  An ogre (D:5)
  A bullfrog (D:3)
  A water moccasin skeleton (D:5)
  2 crimson imps (D:5)
  A hound (D:4)
  2 bullfrog skeletons
  Ijyb (D:3)
  An orc wizard (D:5)
  2 worker ants
  A hound skeleton (D:5)
  A howler monkey skeleton (D:5)
  2 adders
  A shadow imp (D:5)
  2 oozes
  An adder skeleton (D:5)
  4 worms
  5 dart slugs
  2 leopard geckos
  8 orcs
  2 giant cockroaches
  5 goblins
  7 hobgoblins
  5 jackals
  2 quokkas
  A ball python (D:2)
  8 bats
  5 frilled lizards
  8 kobolds
  A quokka skeleton (D:3)
  A quokka zombie (D:5)
  5 rats
90 creatures vanquished.

Notes
Turn   | Place    | Note
-------+----------+-------------------------------------------
     0 | D:1      | Lanoc the Octopode Monk began the quest for the Orb.
     0 | D:1      | Reached XP level 1. HP: 16/16 MP: 1/1
   177 | D:1      | Reached XP level 2. HP: 21/21 MP: 2/2
   487 | D:1      | Reached skill level 3 in Stealth
   810 | D:2      | Reached XP level 3. HP: 23/26 MP: 3/3
  1287 | D:2      | Reached skill level 4 in Stealth
  1353 | D:2      | Reached XP level 4. HP: 24/31 MP: 4/4
  1829 | D:3      | Noticed Ijyb
  1833 | D:3      | Killed Ijyb
  1833 | D:3      | Reached skill level 5 in Stealth
  1836 | D:3      | Noticed yogakurto's ghost (amateur HaWn)
  1937 | D:3      | Reached XP level 5. HP: 29/36 MP: 5/5
  2556 | D:4      | Reached skill level 6 in Stealth
  2556 | D:4      | Reached XP level 6. HP: 29/43 MP: 6/6
  2600 | D:4      | Found Soicyosi's General Store.
  2838 | D:5      | Entered Level 5 of the Dungeon
  2842 | D:5      | Reached skill level 7 in Stealth
  2844 | D:5      | Found a blossoming altar of Fedhas.
  3097 | D:5      | Found a burning altar of Makhleb.
  3097 | D:5      | Found a basalt altar of Yredelemnul.
  3150 | D:5      | Noticed letownia2's ghost (amateur DDNe)
  3193 | D:5      | Killed letownia2's ghost
  3193 | D:5      | Reached XP level 7. HP: 45/48 MP: 7/7
  3337 | D:5      | Reached skill level 8 in Stealth
  3360 | D:5      | Found Jallutu's General Store.
  3511 | D:5      | Reached skill level 5 in Short Blades
  3660 | D:6      | Mangled by an ogre

Skill      XL: |  1  2  3  4  5  6  7 |
---------------+----------------------+-----
Stealth        | 3 4 5 6 7 8 |  8.5
Short Blades   | 4 5 |  5.1
Fighting       | 4 |  4.1
Dodging        | 4 |  4.1

Action                   |  1- 3 |  4- 6 |  7- 9 || total
-------------------------+-------+-------+-------++-------
Melee: Short sword       |    69 |     5 |       ||    74
       Constrict         |    18 |    29 |    12 ||    59
       Tentacles         |    13 |    40 |    17 ||    70
       Dagger            |       |   112 |    53 ||   165
 Abil: Evoke Berserk Rag |       |     1 |       ||     1
Evoke: Wand              |       |     2 |       ||     2
  Use: Scroll            |       |    10 |       ||    10
 Stab: Sleeping          |     9 |     8 |     1 ||    18
  Eat: Chunk             |     1 |     6 |     2 ||     9
Armor: Skin              |     3 |     6 |     1 ||    10
Dodge: Dodged            |    40 |    62 |    22 ||   124
